← All builds
Tech / Armada / Economy first / OBSERVED BUILD

Standard tech

Armada Tech (Eco) build order · Supreme Isthmus

Rushes T2 by 4:15, gets Advanced Metal Extractor around 5:28, hands off T2 constructors to Geo and the team, then scales eco and supplies the team's T2 needs through the rest of the game.

Usually first T2 con to Geo (83%)

#eco #t2 #team support · 1574 distinct matches · 255 players · 58% of Armada Tech games · team won 53% of 1868 · Recently observed

HOW TO PLAY IT

Key timing: T2 factory by 4:15

  1. Open 3 mex and heavy wind to fund a fast T2 rush.
  2. Put down Bot Lab, planning to eat it for reclaim soon after.
  3. Get Advanced Bot Lab up, hitting the T2 factory rush timing.
  4. Upgrade mex to Advanced Metal Extractor to lock in team metal income.
  5. Eat Advanced Bot Lab and keep sending cons to Geo and Pond.

Phase by phase

TYPICAL OF ITS 1574 GAMES
  1. 1
  2. 2
  3. 3
  4. 4
PLAY THE OPENING

Follow the example game's first 6:00 step by step: what to build now, what comes next, and where it goes. At 1× it keeps pace with your own game.

  1. 1

    Up to the Bot Lab

    Economy
    • Metal Extractor3Mex
    • Wind Turbine4Wind
    Order
    1. Bot LabBot Lab after 3 mex, 4 winddone ~1:18, middle half 1:13–1:32

    Some games also: energy storage (31%)

    By 1:01 in all: 3 mex · 4 wind

    The example game in this phase · 3 steps
    1. Mex ×3
    2. Wind ×4
    3. Bot LabBot Labdone 1:18 · typical 1:18
  2. 2

    Bot Lab to Advanced Bot Lab

    Economy
    • Metal Extractor1Mex
    • Wind Turbine8Wind
    • Energy Storage1Energy storage
    Order
    1. Advanced Bot LabAdvanced Bot Lab after 4 mex, 12 wind, 3 con turretdone ~4:16, middle half 4:04–4:30
    Builders
    • Construction Turret3 Con turret
    • Lazarus3 Lazarus
    • Construction Bot2 Con bot
    • Construction Bot1 Con bot for allies

    Some games also: converter (36%)

    By 3:18 in all: 4 mex · 12 wind · 1 energy storage · 3 con turret

    The example game in this phase · 10 steps
    1. Wind
    2. LazarusLazarus ×2
    3. Construction BotCon bot
    4. Wind
    5. Construction BotCon bot
    6. Wind ×3
    7. Mex
    8. Con turret ×2
    9. Wind ×4
    10. Advanced Bot LabAdvanced Bot Labdone 4:24 · typical 4:16
  3. 3

    Advanced Bot Lab to 5:00

    Economy
    • Wind Turbine3Wind
    Order
    1. Bot LabEat Bot Lab
    Builders
    • Advanced Construction Bot1 T2 con bot for allies

    Some games also: converter (35%)

    By 5:00 in all: 4 mex · 15 wind · 1 converter · 1 energy storage · 3 con turret

    The example game in this phase · 5 steps
    1. Wind
    2. Bot LabEat Bot Labreclaimed for its metal
    3. Advanced Construction BotT2 con botfor Geo
    4. Advanced Construction BotT2 con bot
    5. Advanced Metal ExtractorT2 mexdone 5:28 · typical 5:29
  4. 4

    5:00 to 10:00

    Economy
    • Wind Turbine43Wind
    • Energy Converter6Converter
    Builders
    • Butler9 Butler
    • Advanced Construction Bot4 T2 con bot for allies
    • Advanced Construction Bot1 T2 con bot

    Some games also: con turret (43%) · Butler for allies (37%)

    By 10:00 in all: 4 mex · 58 wind · 8 converter · 1 energy storage · 3 con turret

    The example game in this phase · 210 steps
    1. Advanced Metal ExtractorT2 mex ×2
    2. Advanced Construction BotT2 con botfor Air
    3. Wind
    4. ButlerButler
    5. Wind
    6. ButlerButler
    7. Wind ×2
    8. ButlerButler
    9. Wind ×2
    10. Advanced Construction BotT2 con botfor Pond
    11. Wind
    12. ButlerButler
    13. Wind
    14. Advanced Metal ExtractorT2 mex
    15. ButlerButler ×2
    16. Advanced Construction BotT2 con botfor Geo sea
    17. Wind ×9
    18. Advanced Construction BotT2 con botfor Beach sea
    19. Wind ×6
    20. ButlerButler
    21. Wind ×3
    22. ButlerButler
    23. Wind ×3
    24. ButlerButler
    25. Wind ×2
    26. ButlerButler
    27. Wind ×2
    28. ButlerButler
    29. Wind ×3
    30. ButlerButler
    31. Wind ×3
    32. Converter
    33. Wind
    34. ButlerButler
    35. Wind ×4
    36. Converter
    37. Con turret
    38. Wind ×4
    39. Converter
    40. Wind ×5
    41. Converter
    42. ButlerButler
    43. Wind ×6
    44. Converter
    45. Wind ×6
    46. Converter
    47. ButlerButler
    48. Wind ×4
    49. Converter
    50. Wind ×4
    51. Converter
    52. ButlerButler
    53. Wind ×5
    54. Converter
    55. Wind
    56. UmbrellaAnti-nukedone 10:55
    57. Wind
    58. ButlerButler
    59. Wind ×2
    60. ButlerButler
    61. Wind
    62. Converter
    63. Wind ×3
    64. ButlerButler
    65. Wind
    66. Converter
    67. Wind ×5
    68. Converter
    69. ButlerButler
    70. Wind ×6
    71. Converter
    72. Wind ×6
    73. Converter
    74. Wind ×4
    75. ButlerButler
    76. Wind ×3
    77. Converter
    78. Wind
    79. Con turret
    80. Wind ×3
    81. Converter
    82. Wind ×2
    83. Converter
    84. Wind ×6
    85. Converter ×2
    86. Wind ×6
    87. Converter
    88. Wind ×2
    89. Converter
    90. Wind ×4
    91. Converter
    92. Wind ×3
    93. Converter
    94. Wind ×5
    95. Converter ×2
    96. Wind ×4
    97. ButlerButler
    98. Wind ×2
    99. Converter
    100. Wind ×2
    101. Converter ×2
    102. Wind ×4
    103. Converter ×2
    104. Wind ×5
    105. Converter
    106. Wind ×2
    107. Converter
    108. Wind
    109. Converter
    110. Wind ×3
    111. Converter
    112. Wind
    113. Converter
    114. Wind ×3
    115. Converter
    116. Wind ×2
    117. Converter
    118. Wind
    119. Converter
    120. Wind ×4
    121. Converter
    122. Wind
    123. ButlerButler
    124. Wind ×2
    125. Converter
    126. Wind ×2
    127. Converter ×2
    128. Wind ×6
    129. Converter
    130. Wind ×2
    131. Converter
    132. Wind ×6
    133. Converter ×3
    134. Wind ×8
    135. Converter
    136. Wind ×2
    137. Converter
    138. Wind ×5
    139. Converter
    140. Wind ×3
    141. Converter
    142. Wind
    143. Converter
    144. Wind
    145. Energy storage
    146. Wind ×4
    147. Converter
    148. Wind
    149. Converter
    150. Wind ×5
    151. Converter ×2
    152. Wind ×6
    153. Converter
    154. Wind ×4
    155. Converter ×2
    156. ButlerButler
    157. Wind ×5
    158. Converter
    159. Wind
    160. Converter
    161. Wind
    162. Converter
    163. Wind ×3
    164. ButlerButler
    165. Wind ×2
    166. Converter
    167. Wind ×3
    168. Converter
    169. Wind ×2
    170. Converter
    171. Wind ×3
    172. Converter
    173. Wind ×3
    174. Converter
    175. Wind ×2
    176. Converter
    177. Wind
    178. Converter
    179. Wind ×4
    180. Converter
    181. Advanced Construction BotT2 con bot
    182. Wind
    183. Con turret
    184. Wind
    185. Converter
    186. Wind ×3
    187. Converter
    188. Wind ×7
    189. Converter
    190. Wind
    191. Converter
    192. Wind ×8
    193. Converter
    194. Wind
    195. Converter
    196. Wind ×2
    197. Converter
    198. Wind ×7
    199. Converter
    200. Wind ×2
    201. Converter
    202. Wind ×8
    203. Converter
    204. Wind ×2
    205. Converter
    206. Wind ×5
    207. Con turret
    208. Wind ×2
    209. Converter
    210. Wind

Counts are medians over the build's games: half of them build more, half fewer. The example game is XxfuryxX's (30 OS, 14/10/2026); pick another.

Team trades

IN AT LEAST 30% OF ITS GAMES

You hand over

  • Construction Bot1 Con bot to Airfirst at 2:24 · in 84% of games
  • Advanced Construction Bot5 T2 con bot to Air or Geo sea or Pondfirst at 4:50 · in 99% of games
  • Butler2 Butler to Geo sea or Beach sea or Pondfirst at 9:07 · in 42% of games

You get

  • Hercules1 Light transport from Airfirst at 4:01 · in 86% of games

How it plays out

Typical game of this build, running totals by minute

Metal produced

020k40k
0:005:0010:0015:00

metal

Enemy metal destroyed

050100
0:005:0010:0015:00

metal

Own metal lost

050100150
0:005:0010:0015:00

metal

1868 games.

Show as table
ByMetal produced: This buildEnemy metal destroyed: This buildOwn metal lost: This build
1:0038300
2:0091500
3:00165100
4:00314300
5:00484800
6:00580000
7:00722700
8:00906100
9:001116900
10:001350200
11:001623900
12:001965200
13:002344100
14:0027357074
15:003153885130
WHAT THE NUMBERS SAY

Standard Tech play barely fights at all early, instead pouring metal into T2 infrastructure and constructors for the team.

  • + Metal produced hits 31679 by 15:00, by far the highest of any role here.
  • + T2 factory reached in 97% of games by 4:15, fastest and most reliable T2 timing.
  • − Enemy metal destroyed stays at 0 through 10:00, no early offense at all.
  • − Own metal lost also near 0, showing total avoidance of combat risk.
THE EXAMPLE YOU ARE READING

XxfuryxX

30.2 OS · 14/10/2026

Open source match ↗

1 received units
1396 metal received · 27418 energy received

Allied construction assistance is unknown. Timings are observations, not a promise of solo reproducibility.

Typical milestones

Bot Lab1:18Middle 50%: 1:13–1:32 · n=1868
Advanced Bot Lab4:16Middle 50%: 4:04–4:30 · n=1861
Advanced Metal Extractor5:29Middle 50%: 5:06–5:59 · n=1864

Played most by

Amrissa93games of this buildTheGeneraI66games of this buildAdeus57games of this buildEl_Turco56games of this buildKOT_43games of this build
Standard tech · Armada Tech (Eco) build order · BAR Build Atlas